Map: Kairos Junction LE

Players

Crow - Winner!

  • Race: Zerg Zerg
  • Spawn Location: 5:00

Minato

  • Race: Zerg Zerg
  • Spawn Location: 11:00

Event: IEM Season 13: Katowice (2019)

VOD

Have the link to the VOD?

Description

Time

  • Played on: Feb. 26, 2019, 5:05 a.m.
  • Length: 14:44

All games in this series

Show
View Real Time Build Order
Export as new Build Order

Crow Zerg - Winner!

Build Orders: Hatch First 

Get SALT Encoding   

  12  0:00  Drone  
  13  0:12  Overlord  
  13  0:17  Drone  
  14  0:31  Drone x2  
  16  0:48  Hatchery  
  15  0:51  Drone  
  15  0:55  Drone  
  17  0:58  Drone  
  18  1:08  Extractor  
  17  1:14  Spawning Pool  
  17  1:16  Drone  
  17  1:20  Drone  
  18  1:28  Drone  
  19  1:41  Drone  
  20  1:50  Drone  
  21  2:01  Queen x2  
  21  2:03  Zergling x4  
  27  2:10  Overlord  
  27  2:11  Metabolic Boost  
  27  2:18  Zergling x2  
  27  2:31  Drone x2  
  29  2:47  Drone, Baneling Nest  
  29  2:48  Overlord, Drone  
  29  2:49  Drone  
  31  2:59  Hatchery  
  31  3:03  Drone  
  31  3:05  Drone  
  31  3:10  Evolution Chamber  
  31  3:11  Evolution Chamber  
  30  3:15  Zergling x10  
  30  3:16  Evolution Chamber  
  30  3:19  Zergling x2  
  36  3:20  Zergling x2  
  36  3:33  Baneling x2  
  36  3:34  Baneling x2  
  36  3:36  Zergling x2  
  36  3:40  Zergling x2  
  32  3:49  Drone x4  
  36  3:58  Overlord  
  36  4:01  Baneling  
  35  4:14  Spine Crawler  
  35  4:15  Baneling x2  
  35  4:16  Queen  
  36  4:17  Zergling x4  
  38  4:25  Drone x3  
  38  4:26  Drone  
  42  4:31  Drone  
  42  4:32  Drone  
  40  4:40  Drone x4  
  43  4:47  Zerg Missile Weapons Level 1  
  43  4:52  Roach Warren  
  43  4:58  Overlord x2, Roach Warren  
  43  5:04  Extractor  
  43  5:05  Extractor  
  41  5:11  Lair  
  41  5:12  Drone x2  
  43  5:15  Overlord  
  43  5:18  Drone  
  43  5:19  Drone x2  
  43  5:20  Drone  
  47  5:25  Queen  
  49  5:31  Drone x3  
  52  5:38  Overlord  
  52  5:39  Drone  
  53  5:46  Overlord  
  53  5:53  Hatchery  
  52  5:58  Roach x2  
  52  6:01  Roach  
  58  6:06  Roach x2  
  58  6:10  Glial Reconstitution  
  62  6:14  Roach x2  
  66  6:19  Roach x2  
  66  6:25  Roach x3  
  76  6:30  Roach  
  76  6:31  Roach  
  80  6:35  Overlord  
  80  6:45  Roach  
  80  6:46  Roach  
  84  6:53  Overlord  
  84  6:55  Roach x3  
  84  6:58  Baneling  
  84  7:00  Baneling  
  90  7:05  Roach  
  98  7:08  Roach x3  
  98  7:16  Roach x4  
  97  7:22  Roach  
  97  7:23  Roach x3  
  85  7:31  Roach x3  
  78  7:37  Roach x2  
  78  7:38  Queen  
  78  7:44  Roach  
  76  7:46  Roach  
  76  7:49  Queen  
  76  7:51  Roach x2  
  76  7:55  Roach  
  79  8:02  Roach x2  
  79  8:04  Queen  
  85  8:13  Roach x3  
  91  8:21  Roach x2  
  95  8:29  Roach x2  
  95  8:33  Roach  
  95  8:37  Roach  
  95  8:40  Roach  
  93  8:48  Zerg Missile Weapons Level 2, Overlord  
  93  8:51  Roach x2  
  97  9:02  Roach x3  
  89  9:10  Roach  
  89  9:11  Roach x2  
  89  9:17  Roach x2  
  91  9:18  Drone x6  
  97  9:28  Roach, Overlord  
  97  9:29  Roach  
  101  9:33  Ravager  
  101  9:37  Extractor  
  101  9:38  Drone x3  
  104  9:41  Ravager  
  104  9:42  Overlord  
  104  9:43  Roach  
  105  9:54  Roach x3  
  105  10:00  Roach x2  
  105  10:03  Roach  
  105  10:04  Roach  
  105  10:05  Overlord, Drone x4  
  107  10:11  Roach  
  97  10:14  Roach x2  
  97  10:18  Roach  
  97  10:19  Roach  
  96  10:24  Roach x3  
  102  10:29  Roach  
  102  10:35  Extractor, Ravager  
  104  10:38  Drone x3  
  104  10:42  Ravager  
  108  10:45  Roach x2  
  112  10:51  Roach  
  112  10:52  Roach x2  
  112  10:53  Drone x3  
  112  10:54  Overlord, Drone  
  112  11:06  Drone x3  
  112  11:07  Drone x2  
  109  11:12  Roach x3  
  109  11:18  Roach  
  103  11:21  Roach x4  
  103  11:24  Overseer  
  106  11:26  Roach x2  
  106  11:30  Roach x2  
  112  11:35  Roach x3  
  118  11:41  Ravager  
  118  11:44  Roach  
  121  11:48  Roach  
  123  11:58  Roach x4  
  125  12:02  Roach  
  125  12:08  Roach x3  
  125  12:15  Roach x2  
  113  12:20  Roach x2  
  110  12:25  Roach x2  
  106  12:31  Roach x3  
  106  12:35  Extractor  
  106  12:37  Roach x3  
  117  12:40  Roach, Hatchery  
  117  12:41  Roach  
  120  12:45  Roach x2  
  124  12:54  Ravager  
  125  13:00  Roach x5  
  125  13:05  Ravager  
  136  13:07  Overlord x2  
  136  13:11  Roach  
  138  13:16  Overlord  
  138  13:23  Overlord x2  
  138  13:35  Roach x2  
  138  13:36  Roach x2  
  138  13:39  Overlord x2  
  146  13:44  Roach  
  146  13:45  Roach x7  
  146  13:48  Overlord  
  162  13:54  Overlord  
  162  13:57  Overlord x3  
  162  14:03  Ravager x3  
  162  14:04  Roach  
  162  14:05  Roach  
  161  14:19  Roach x5  
  161  14:20  Roach x2  
Show
View Real Time Build Order
Export as new Build Order

Minato Zerg 

Build Orders: Pool First 

Get SALT Encoding   

  12  0:00  Drone  
  13  0:12  Overlord  
  13  0:17  Drone  
  14  0:30  Drone x2  
  14  0:34  Drone  
  17  0:37  Extractor  
  16  0:48  Spawning Pool  
  15  0:51  Drone  
  15  0:55  Drone  
  17  1:20  Hatchery  
  17  1:23  Drone  
  17  1:34  Zergling x4  
  17  1:39  Metabolic Boost  
  19  1:49  Queen  
  21  1:56  Overlord  
  21  2:01  Drone  
  22  2:14  Zergling x2  
  23  2:17  Zergling x2  
  24  2:24  Queen  
  24  2:25  Zergling x2  
  27  2:32  Queen  
  27  2:33  Zergling x2  
  30  2:40  Zergling x2  
  30  2:45  Zergling x4  
  32  2:58  Zergling x2  
  32  2:59  Zergling x4  
  35  3:22  Overlord  
  35  3:31  Zergling x2  
  35  3:34  Hatchery  
  32  3:43  Zergling x6, Drone x3  
  32  3:44  Zergling x4  
  32  3:48  Zergling x2  
  39  3:52  Zergling x4  
  41  4:02  Baneling Nest  
  39  4:03  Drone  
  39  4:06  Zergling x2  
  41  4:13  Drone x3  
  43  4:23  Overlord  
  43  4:26  Drone  
  44  4:38  Drone x3  
  40  4:41  Drone x2  
  40  4:46  Drone  
  40  4:51  Zergling x6  
  40  4:52  Zergling x2  
  45  4:54  Drone x2  
  45  4:57  Baneling  
  45  4:58  Baneling x2  
  45  4:59  Baneling  
  47  5:10  Extractor, Roach Warren  
  47  5:11  Drone x3  
  48  5:20  Drone x2  
  48  5:21  Drone x3  
  52  5:25  Drone x2  
  55  5:28  Drone  
  55  5:31  Overlord  
  56  5:40  Drone x3  
  56  5:41  Overlord  
  58  5:51  Roach x4  
  66  5:59  Roach  
  66  6:00  Roach x3  
  74  6:06  Overlord x2  
  74  6:24  Roach x5  
  74  6:25  Roach x3  
  90  6:30  Overlord x3  
  90  6:48  Zergling x10  
  90  6:49  Zergling x12  
  90  6:50  Baneling x6  
  101  6:57  Zergling x6  
  101  6:58  Zergling x4  
  101  6:59  Zergling x4  
  108  7:02  Baneling  
  108  7:03  Baneling x2  
  107  7:09  Zergling x6  
  91  7:23  Zergling x10  
  80  7:36  Zergling x6  
  80  7:37  Zergling x10  
  80  7:42  Lair  
  80  7:43  Roach x4  
  88  7:48  Roach  
  81  7:54  Roach  
  81  7:57  Roach  
  81  7:58  Zergling x2  
  78  8:01  Roach, Zergling x2  
  78  8:02  Extractor  
  80  8:06  Extractor  
  80  8:11  Roach, Zergling x2  
  81  8:19  Roach, Zergling x4  
  84  8:20  Zergling x4  
  84  8:22  Zergling x4  
  81  8:29  Roach  
  78  8:34  Zergling x2  
  78  8:35  Roach x2, Zergling x2  
  78  8:38  Zergling x2  
  79  8:42  Roach x2  
  79  8:43  Roach, Zergling x2  
  79  8:46  Roach  
  87  8:52  Roach, Zergling x2  
  87  8:55  Roach  
  90  9:00  Roach x2, Zergling x4  
  93  9:05  Roach  
  93  9:08  Roach  
  88  9:11  Roach x2  
  88  9:16  Roach  
  88  9:17  Roach, Zergling x4  
  90  9:28  Roach  
  90  9:29  Zergling x6  
  90  9:30  Zergling x4  
  97  9:36  Roach  
  98  9:40  Glial Reconstitution  
  98  9:42  Roach, Zergling x2  
  101  9:52  Roach x3, Zergling x6  
  103  9:58  Roach x2  
  103  9:59  Roach  
  102  10:03  Roach x2, Zergling x2  
  97  10:11  Roach x3, Zergling x2  
  93  10:16  Roach, Zergling x2  
  93  10:20  Roach x2, Zergling x2  
  93  10:24  Roach, Zergling x2  
  95  10:29  Roach x2, Zergling x2  
  95  10:31  Roach  
  102  10:37  Roach  
  102  10:39  Ravager  
  102  10:41  Roach x2  
  109  10:46  Roach  
  109  10:47  Roach  
  106  11:05  Roach x3  
  106  11:06  Roach x2  
  105  11:14  Roach x3  
  105  11:15  Roach x2  
  101  11:22  Roach x2  
  101  11:23  Roach  
  107  11:25  Roach  
  107  11:27  Roach  
  107  11:31  Ravager  
  107  11:32  Roach, Zergling x2  
  113  11:38  Overlord  
  113  11:57  Roach x5  
  117  12:03  Roach x3  
  102  12:15  Roach x2  
  102  12:16  Roach x4  
  102  12:19  Roach  
  102  12:22  Roach  
  106  12:28  Roach x2  
  101  12:33  Roach x2  
  101  12:35  Roach  
  103  12:42  Roach x2  
  107  12:44  Roach  
  107  12:47  Ravager  
  107  12:48  Ravager  
  107  12:50  Roach  
  107  12:51  Roach  
  115  13:01  Roach x3  
  115  13:03  Ravager  
  115  13:05  Overlord  
  122  13:20  Overlord x2  
  122  13:25  Roach x4  
  130  13:38  Overlord x2  
  130  13:39  Roach  
  130  13:40  Roach x3  
  138  13:45  Roach x2  
  142  13:54  Roach  
  142  13:55  Roach  
  146  13:57  Overlord x2  
  146  13:58  Ravager x3  
  149  14:04  Roach x2  
  118  14:24  Roach  
  118  14:25  Roach x6  

Tags
 
Add a new tag
Caveats
  • Supply blocks, unpowered buildings, or Contaminate may cause inaccurate times.
  • Supply counts are checked every 10 seconds.